 Dungeon Crawl Stone Soup version 0.24.0-1-gfbc8707 (webtiles) character file.

Game seed: 867670616885016420, levelgen mode: deterministic

16798 Arex the Grappler (level 12, -29/67 HPs)
             Began as a Vine Stalker Fighter on Oct 28, 2019.
             Was an Initiate of Gozag.
             Killed from afar by a storm dragon (34 damage)
             ... with a bolt of lightning
             ... on level 2 of the Lair of Beasts on Oct 29, 2019.
             The game lasted 00:34:46 (11466 turns).

Arex the Grappler (Vine Stalker Fighter)           Turns: 11466, Time: 00:34:47

Health: -29/67     AC: 18    Str: 28    XL:     12   Next: 41%
Magic:  0/22       EV:  6    Int:  8    God:    Gozag
Gold:   2064       SH: 13    Dex: 15    Spells: 11/11 levels left

rFire    . . .     SeeInvis .     - Unarmed
rCold    . . .     Gourm    .   b - +0 shield
rNeg     . . .     Faith    .   C - +0 plate armour
rPois    .         Spirit   +   r - +0 hat
rElec    .         Reflect  .   I - scarf {repulsion}
rCorr    +         Harm     .   j - +2 pair of gloves
MR       +....                  y - +0 pair of boots
Stlth    ..........             g - amulet of magic regeneration
HPRegen  1.01/turn              u - ring of resist corrosion
MPRegen  0.43/turn              v - ring of magical power

@: mighty, repel missiles
A: fangs 3, regeneration 2, magic shield, antimagic bite, no potion heal 3, rot
immunity
a: Potion Petition, Call Merchant, Bribe Branch, Renounce Religion


You were on level 2 of the Lair of Beasts.
You worshipped Gozag.
Gozag was most pleased with you.
You were not hungry.

You visited 3 branches of the dungeon, and saw 14 of its levels.

You collected 2364 gold pieces.
You spent 172 gold pieces at shops.
You paid 128 gold pieces to Gozag.

Inventory:

Missiles
 G - 6 boomerangs (quivered)
Armour
 b - a +0 shield (worn)
 j - a +2 pair of gloves (worn)
 r - a +0 hat (worn)
 y - a +0 pair of boots (worn)
 C - a +0 plate armour (worn)
 I - a scarf of repulsion (worn)
Jewellery
 g - an amulet of magic regeneration (around neck)
 u - a ring of resist corrosion (left hand)
 v - a ring of magical power (right hand)
Wands
 n - a wand of flame (5)
 q - a wand of paralysis (9)
 s - a wand of random effects (7)
 w - a wand of polymorph (16)
 K - a wand of enslavement (9)
Scrolls
 a - a scroll of summoning {unknown}
 l - 6 scrolls of remove curse
 o - 7 scrolls of teleportation
 z - 2 scrolls of blinking
 B - 2 scrolls of fog {unknown}
 D - a scroll of acquirement
 E - 4 scrolls of amnesia
 J - a scroll of magic mapping
Potions
 e - a potion of mutation {unknown}
 f - 6 potions of curing
 h - 2 potions of haste {unknown}
 k - a potion of magic
 m - 5 potions of brilliance
 p - 3 potions of agility {unknown}
 t - 4 potions of heal wounds
 x - 2 potions of berserk rage {unknown}
 A - a potion of ambrosia
 F - 2 potions of lignification
 H - a potion of degeneration {unknown}
Comestibles
 d - 24 rations


   Skills:
 + Level 9.7 Fighting
 + Level 8.9 Armour
 + Level 9.6 Shields
 + Level 10.2 Unarmed Combat


You had 11 spell levels left.
You didn't know any spells.
Your spell library contained the following spells:

 Spells                   Type           Power        Failure   Level  Hunger
 Flame Tongue             Conj/Fire      #....        100%        1    ##.....
 Throw Flame              Conj/Fire      #.....       100%        2    ###....
 Conjure Flame            Conj/Fire      #.......     100%        3    ####...
 Inner Flame              Hex/Fire       #.......     100%        3    ####...
 Sticky Flame             Conj/Fire      #.......     100%        4    #####..
 Fireball                 Conj/Fire      #.........   100%        5    ######.


Dungeon Overview and Level Annotations

Branches:
Dungeon (11/15)            Temple (1/1) D:7            Lair (2/6) D:11
  Swamp: Lair:2-4    Shoals: Lair:2-4     Snake: Lair:2-4    Spider: Lair:2-4
    Orc: D:9-12

Altars:
Ashenzari
Cheibriados
Dithmenos
Elyvilon
Fedhas
Gozag
Hepliaklqana
Kikubaaqudgha
Makhleb
Nemelex Xobeh
Okawaru
Qazlal
Ru
Sif Muna
Trog
Uskayaw
Vehumet
Wu Jian
Xom
Yredelemnul
Zin
The Shining One

Shops:
D:9 %   D:10 *

Annotations:
D:5 2 transporters, Hedningen's ghost, novice DsGl
D:10 2 transporters, TheDoctor's ghost, novice OpWz
Lair:2 exclusion: 2 oklob plants


Innate Abilities, Weirdness & Mutations

You have razor-sharp teeth.
You heal very quickly.
When hurt, damage is shared between your health and your magic reserves.
Your bite disrupts and absorbs the magic of your enemies.
Potions cannot restore your health.
You are immune to rotting.


Message History

* * * LOW HITPOINT WARNING * * *
The storm dragon bites you but does no damage.
The storm dragon claws you but does no damage.
The storm dragon tramples you but does no damage.
The wolf bites you but does no damage.
You barely miss the storm dragon.
You bite the storm dragon, but do no damage.
The storm dragon is heavily wounded.
The wolf bites you but does no damage. The storm dragon bites you!
* * * LOW HITPOINT WARNING * * *
You block the storm dragon's attack. The storm dragon tramples you.
You hold your ground!
As you read the scroll of fear, it crumbles to dust.
You assume a fearsome visage.
The wolf looks frightened!
The storm dragon easily resists.
The storm dragon breathes lightning at you.
The bolt of lightning hits you!!!
Ouch! That really hurt!
You die...
Your body crumbles into a pile of gold.

#### ## ##P####..##
#####P###
..........#######........
.<.................^.....
.#...####....#PP##.......
#. ###D########....###
#.@.#?(P# ##....#
###.#..P# #....## #h#h)$#
##....# ##.#.PP## ###..##
#.......# #.#..# $
#P.....).# ##...##
###.....## ##...# .....##
#..## ##...## ##..P#


You could see a storm dragon and a wolf (fleeing).

Vanquished Creatures
  Harold (D:8)
  Pikel (D:5)
  Maurice (D:9)
  2 spiny frogs
  Joseph (D:8)
  A gargoyle (D:10)
  2 komodo dragons
  A rime drake (Lair:2)
  Prince Ribbit (D:5)
  Grinder (D:3)
  4 hippogriffs
  Sigmund (D:6)
  34 yaks
  3 hogs (D:9)
  3 wyverns
  A human (D:9)
  4 porcupines (Lair:1)
  2 water moccasins (Lair:1)
  2 orc warriors
  A black bear (D:8)
  4 ice beasts
  4 phantoms
  5 sky beasts
  3 wolves (Lair:1)
  6 ogres
  A centaur (D:11)
  6 necrophages
  A crocodile (Lair:1)
  A big kobold (D:11)
  9 bullfrogs
  A gnoll sergeant (D:5)
  A wyvern skeleton (D:9)
  2 scorpions
  3 killer bees (D:8)
  A howler monkey (D:11)
  5 crimson imps
  9 hounds
  A centaur zombie (D:6)
  7 orc priests
  Crazy Yiuf (D:5)
  15 orc wizards
  4 iguanas
  7 worker ants
  2 hell rats (Lair:1)
  A howler monkey zombie (D:8)
  4 gnolls (D:5)
  7 river rats (Lair:1)
  11 adders
  2 shadow imps
  2 oozes (D:2)
  2 adder zombies
  2 adder skeletons (D:8)
  2 worms
  A dart slug (D:1)
  7 leopard geckos
  41 orcs
  4 giant cockroaches
  8 goblins
  10 hobgoblins
  14 jackals
  12 kobolds
  7 quokkas
  A ball python (D:1)
  8 bats
  3 frilled lizards
  A jackal zombie (D:6)
  A quokka zombie (D:5)
  13 rats
330 creatures vanquished.

Vanquished Creatures (others)
  A howler monkey (D:5)
  A worker ant (D:5)
  A gnoll (D:5)
  A shadow imp (D:5)
  A bat (D:2)
  2 fungi (Lair:1)
  A plant (Lair:2)
8 creatures vanquished.

Grand Total: 338 creatures vanquished

Notes
Turn   | Place    | Note
-------+----------+-------------------------------------------
     0 | D:1      | Arex the Vine Stalker Fighter began the quest for the Orb.
     0 | D:1      | Reached XP level 1. HP: 11/11 MP: 2/2
    55 | D:1      | Reached XP level 2. HP: 9/16 MP: 3/3
   559 | D:1      | Reached XP level 3. HP: 20/20 MP: 4/4
  1497 | D:2      | Found a faded altar of an unknown god.
  1528 | D:2      | Gained mutation: Your natural rate of healing is unusually
                  | fast. [Vine Stalker growth]
  1528 | D:2      | Reached XP level 4. HP: 24/24 MP: 5/5
  1873 | D:3      | Found a burning altar of Makhleb.
  1889 | D:3      | Reached skill level 3 in Unarmed Combat
  1889 | D:3      | Reached XP level 5. HP: 26/28 MP: 6/6
  2317 | D:3      | Noticed Grinder
  2627 | D:3      | Killed Grinder
  2627 | D:3      | Reached XP level 6. HP: 31/33 MP: 7/7
  2762 | D:4      | Found a glowing golden altar of the Shining One.
  2773 | D:4      | Found a basalt altar of Yredelemnul.
  2829 | D:4      | Noticed an angel
  2871 | D:4      | Noticed a phantom
  2895 | D:4      | Killed a phantom
  2895 | D:4      | Reached skill level 4 in Unarmed Combat
  2895 | D:4      | Reached XP level 7. HP: 28/37 MP: 8/8
  3571 | D:5      | Entered Level 5 of the Dungeon
  3814 | D:5      | Gained mutation: You have razor-sharp teeth. [Vine Stalker
                  | growth]
  3814 | D:5      | Reached XP level 8. HP: 36/42 MP: 9/9
  3873 | D:5      | Found a transporter.
  3874 | D:5      | Noticed Hedningen's ghost (novice DsGl)
  3875 | D:5      | Found a transporter.
  3920 | D:5      | Noticed Pikel
  3947 | D:5      | Killed Pikel
  3947 | D:5      | Reached skill level 5 in Fighting
  3947 | D:5      | Reached skill level 5 in Shields
  3947 | D:5      | Reached skill level 5 in Unarmed Combat
  3997 | D:5      | Reached skill level 5 in Armour
  4723 | D:5      | Found a runed translucent door.
  4724 | D:5      | Noticed Crazy Yiuf
  4775 | D:6      | Reached XP level 9. HP: 41/48 MP: 10/10
  4822 | D:5      | Killed Crazy Yiuf
  5004 | D:6      | Noticed Prince Ribbit
  5005 | D:6      | Noticed Sigmund
  5027 | D:5      | Killed Prince Ribbit
  5027 | D:5      | Reached skill level 6 in Unarmed Combat
  5072 | D:6      | Killed Sigmund
  5090 | D:6      | Identified the +1 ring mail of Youthful Indiscretion {-Tele
                  | rElec Int-5 Dex+8}
  5108 | D:6      | Identified the +3 whip of Chaos {freeze, rC+ rN+}
  5390 | D:6      | Found a sparkling altar of Nemelex Xobeh.
  5644 | D:7      | Found a staircase to the Ecumenical Temple.
  5655 | Temple   | Entered the Ecumenical Temple
  5796 | Temple   | Became a worshipper of Gozag Ym Sagoz the Greedy
  6319 | D:8      | Found a sacrificial altar of Ru.
  6319 | D:8      | Found an ancient bone altar of Kikubaaqudgha.
  6377 | D:8      | Reached skill level 7 in Unarmed Combat
  6406 | D:8      | Noticed Harold
  6500 | D:8      | Found a hide-covered altar of Uskayaw.
  6500 | D:8      | Noticed a +0 hand axe
  6501 | D:8      | Noticed a +0 hand axe
  6525 | D:8      | Reached XP level 10. HP: 53/53 MP: 11/11
  6615 | D:8      | Killed Harold
  6639 | D:8      | HP: 2/55 [poisoned by Harold]
  6645 | D:8      | HP: 1/55 [poisoned by Harold]
  6650 | D:8      | HP: 1/55 [poisoned by Harold]
  6656 | D:8      | HP: 2/55 [poisoned by Harold]
  6843 | D:8      | Noticed a moth of wrath
  6846 | D:8      | Found a bloodstained altar of Trog.
  6917 | D:8      | Found a basalt altar of Yredelemnul.
  7271 | D:9      | Noticed Joseph
  7585 | D:8      | Killed Joseph
  7671 | D:8      | Reached skill level 8 in Unarmed Combat
  7885 | D:9      | Noticed Maurice
  7923 | D:9      | Killed Maurice
  7962 | D:9      | Found Ygotroan's Food Emporium.
  8083 | D:9      | Reached XP level 11. HP: 50/60 MP: 12/12
  8687 | D:10     | Entered Level 10 of the Dungeon
  8765 | D:10     | Found Cietrae's Assorted Antiques.
  8868 | D:10     | Identified a scroll of acquirement
  8876 | D:10     | Found a transporter.
  8884 | D:10     | Found a bloodstained altar of Trog.
  8890 | D:10     | Found a transporter.
  8891 | D:10     | Noticed a moth of wrath
  8955 | D:10     | Reached skill level 9 in Unarmed Combat
  9143 | D:10     | Identified the +3 mace of Benevolence {antimagic, Str+6}
  9143 | D:10     | Noticed a tengu warrior
  9147 | D:10     | Noticed TheDoctor's ghost (novice OpWz)
  9233 | D:10     | Bought a potion of curing for 75 gold pieces
  9233 | D:10     | Bought a potion of curing for 75 gold pieces
  9233 | D:10     | Bought a fizzy emerald potion for 22 gold pieces
  9553 | D:11     | Found a staircase to the Lair.
 10154 | D:11     | Found a burning altar of Makhleb.
 10394 | Lair:1   | Entered Level 1 of the Lair of Beasts
 10429 | Lair:1   | Gained mutation: You heal very quickly. [Vine Stalker
                  | growth]
 10429 | Lair:1   | Reached XP level 12. HP: 58/66 MP: 13/13
 10550 | Lair:1   | Reached skill level 10 in Unarmed Combat
 11225 | Lair:2   | Noticed a seven-headed hydra
 11228 | Lair:2   | Noticed a storm dragon
 11228 | Lair:2   | a seven-headed hydra changed into a storm dragon
 11466 | Lair:2   | Killed from afar by a storm dragon

Levels and vault maps discovered:
D:1:      mrwooster_arrival_statue_3, layout_basic, kennysheep_decorative_pillar
D:2:      layout_basic, chequers_ecumenical_altar_grove
D:3:      layout_basic, bloody_makhleb, st_stairs_3, uniq_grinder
D:4:      layout_loops_corners, grunt_temple_overflow_holy_war, first_ration,
          patterned_corridor
D:5:      layout_cave_pods, gammafunk_ghost_arena, uniq_pikel,
          uniq_crazy_yiuf_cottage
D:6:      layout_rooms, nemelex_lonely_heart_becter, uniq_prince_ribbit1,
          uniq_sigmund
D:7:      layout_cave_pools, minmay_temple_entry_wispy
D:8:      layout_loops_ring, gammafunk_temple_overflow_elements,
          dancing_weapons_uskayaw, basic_altar, tgw_trog, uniq_harold
D:9:      layout_rooms, serial_shops, nicolae_shop_behind_doors,
          grunt_livestock, uniq_maurice, uniq_joseph
D:10:     layout_roguey, serial_shops, nicolae_shop_waterfront,
          gammafunk_ghost_wrathful_warriors, hangedman_decor_growths,
          minmay_misc_feat_room
D:11:     layout_irregular_city, lair_entry_dummy, basic_altar
Temple:   eino_temple_scatter_basement
Lair:1:   layout_misc_corridors, kennysheep_rathole, serial_bayou_shore_a
Lair:2:   layout_long_grid, spider_nest_entry_a, roderic_carrion_pond,
          minmay_lair_oklob_chamber, lemuel_fruit_tree

Skill      XL: |  1  2  3  4  5  6  7  8  9 10 11 12 |
---------------+-------------------------------------+-----
Fighting       | 3 4 5 6 8 9 |  9.7
Shields        | 3 4 5 6 8 9 |  9.6
Armour         | 3 4 5 6 7 8 |  8.9
Unarmed Combat | 3 4 5 7 8 9 10 | 10.2

Action                   |  1- 3 |  4- 6 |  7- 9 | 10-12 || total
-------------------------+-------+-------+-------+-------++-------
Melee: Unarmed           |   124 |   195 |   355 |   782 ||  1456
       Bite              |    32 |    57 |   123 |   299 ||   511
Throw: Boomerang         |       |       |       |     8 ||     8
       Throwing net      |       |       |       |     1 ||     1
Invok: Potion Petition   |       |       |       |     1 ||     1
Evoke: Wand              |       |       |    12 |     9 ||    21
  Use: Scroll            |       |     3 |     6 |     8 ||    17
       Potion            |       |       |       |     2 ||     2
 Stab: Paralysed         |       |       |     1 |     4 ||     5
       Distracted        |       |       |       |     6 ||     6
  Eat: Chunk             |     2 |     5 |     9 |       ||    16
       Ration            |       |       |     1 |     5 ||     6
Armor: Scale mail        |    38 |    70 |    73 |       ||   181
       Plate armour      |       |       |    40 |   305 ||   345
       Chain mail        |       |       |    38 |       ||    38
       Skin              |       |       |       |     1 ||     1
Dodge: Dodged            |    32 |    41 |    66 |    99 ||   238
Block: Shield            |    51 |    74 |   154 |   324 ||   603
